Map: Ruins of Seras

Players

Nina (Lillekanin)

  • Race: Terran Terran
  • League: Diamond

Bioice - Winner!

  • Race: Zerg Zerg
  • League: Diamond

Event: ASL Season 5 Prime League LOTV Beta

VOD

Have the link to the VOD?

Description

Time

  • Played on: Sept. 1, 2015, 8:22 p.m.
  • Length: 9:50

All games in this series

Show
View Real Time Build Order
Export as new Build Order

Nina Terran 

Build Orders: Liberator Opening, Mech 

Get SALT Encoding   

  12  0:01  SCV  
  13  0:13  SCV  
  14  0:18  Supply Depot  
  14  0:25  SCV  
  15  0:40  SCV  
  15  0:41  Barracks  
  16  0:45  Refinery  
  16  0:52  SCV  
  17  1:04  SCV  
  18  1:16  SCV  
  19  1:28  SCV  
  19  1:29  Barracks Reactor  
  20  1:37  Command Center  
  20  1:40  SCV  
  21  1:52  Orbital Command  
  21  2:07  Factory, Marine x2  
  23  2:25  SCV, Marine x2  
  27  2:37  SCV  
  27  2:49  SCV  
  28  2:58  Command Center, SCV  
  29  3:02  SCV  
  30  3:06  Hellion  
  30  3:10  Hellion  
  34  3:19  Starport  
  34  3:22  SCV  
  34  3:26  SCV  
  36  3:31  Hellion  
  38  3:40  Hellion  
  40  3:42  Bunker  
  40  3:43  Liberator  
  40  3:45  Refinery  
  40  3:47  SCV  
  41  3:49  SCV  
  42  3:59  SCV  
  46  4:10  SCV  
  46  4:14  SCV  
  46  4:15  SCV  
  49  4:17  Armory  
  49  4:21  Supply Depot  
  49  4:24  SCV  
  50  4:25  Barracks Reactor  
  50  4:27  SCV  
  50  4:30  SCV  
  52  4:36  SCV  
  53  4:39  SCV  
  53  4:40  Supply Depot  
  53  4:43  Hellion  
  56  4:48  Hellion  
  56  4:49  SCV  
  56  4:52  SCV  
  60  4:59  Supply Depot  
  60  5:02  SCV  
  60  5:04  SCV  
  60  5:06  Liberator  
  62  5:09  Refinery, Liberator  
  62  5:10  Refinery  
  62  5:14  SCV, Engineering Bay  
  63  5:16  SCV x2  
  65  5:26  SCV  
  72  5:29  SCV x2  
  72  5:35  Hellion  
  76  5:38  SCV  
  77  5:49  SCV  
  79  5:50  SCV, Factory  
  79  5:52  Factory  
  79  5:55  Supply Depot  
  79  5:59  Refinery  
  79  6:01  SCV  
  79  6:02  SCV  
  79  6:03  SCV  
  82  6:11  Terran Vehicle Weapons Level 1  
  82  6:12  Armory  
  82  6:13  SCV  
  82  6:14  SCV  
  85  6:24  Planetary Fortress  
  85  6:25  SCV  
  85  6:26  SCV  
  84  6:33  Hellion  
  84  6:37  SCV  
  84  6:38  SCV  
  84  6:42  Factory Tech Lab  
  84  6:47  Supply Depot  
  80  6:49  Supply Depot  
  80  6:54  Factory  
  80  6:55  Factory  
  80  6:57  Factory Tech Lab  
  80  6:59  SCV  
  80  7:01  Orbital Command  
  81  7:07  Liberator  
  81  7:08  SCV  
  81  7:11  SCV  
  81  7:12  Siege Tank  
  81  7:15  Hellbat x2  
  90  7:19  Hellbat  
  90  7:20  SCV  
  80  7:28  SCV  
  67  7:36  Hellbat  
  49  7:38  Hellbat  
  49  7:41  Hellbat  
  49  7:43  Hellbat  
  52  7:44  Hellbat  
  52  7:48  Hellbat  
  49  7:58  Refinery  
  48  8:01  Hellbat  
  48  8:02  Hellbat  
  52  8:08  Barracks Reactor  
  52  8:12  SCV  
  51  8:14  SCV  
  51  8:15  SCV  
  51  8:17  Factory Tech Lab  
  53  8:24  SCV  
  53  8:27  SCV  
  52  8:30  SCV, Missile Turret  
  50  8:37  SCV  
  51  8:41  Missile Turret, Liberator  
  51  8:47  Missile Turret  
  51  8:48  Liberator  
  51  8:51  SCV  
  51  8:52  SCV  
Show
View Real Time Build Order
Export as new Build Order

Bioice Zerg - Winner!

Build Orders: Hatch First, Muta Ling Bane 

Get SALT Encoding   

  12  0:01  Drone  
  13  0:07  Drone  
  14  0:20  Drone, Extractor  
  14  0:24  Drone, Extractor  
  16  0:32  Overlord  
  16  0:51  Hatchery  
  16  0:54  Drone  
  16  0:59  Drone  
  17  1:13  Drone, Spawning Pool  
  17  1:18  Extractor  
  17  1:21  Drone  
  17  1:22  Drone  
  18  1:29  Drone  
  19  1:38  Overlord  
  19  2:00  Queen  
  21  2:02  Zergling x2  
  21  2:04  Drone  
  21  2:05  Drone, Queen  
  26  2:10  Drone  
  26  2:15  Drone  
  28  2:19  Metabolic Boost  
  28  2:22  Drone  
  29  2:25  Overlord  
  29  2:32  Drone  
  29  2:35  Drone  
  31  2:48  Drone  
  31  2:50  Drone  
  33  2:51  Hatchery  
  33  2:54  Drone  
  33  2:58  Drone  
  33  3:01  Queen  
  36  3:06  Overlord  
  36  3:11  Drone x2  
  38  3:14  Drone x2  
  38  3:16  Drone  
  38  3:19  Drone  
  42  3:24  Overlord  
  41  3:35  Overlord  
  41  3:36  Drone  
  42  3:42  Drone x3  
  42  3:47  Baneling Nest  
  44  3:50  Zergling x2  
  44  3:52  Spine Crawler  
  44  3:55  Overlord  
  44  3:57  Zergling x2  
  45  4:06  Extractor  
  45  4:07  Drone  
  45  4:08  Evolution Chamber, Drone  
  45  4:09  Evolution Chamber, Drone x2, Zergling x2  
  47  4:15  Zergling x6  
  47  4:16  Zergling x2  
  51  4:17  Queen  
  51  4:19  Overlord  
  53  4:27  Overlord  
  53  4:29  Zergling x4  
  55  4:37  Zerg Melee Weapons Level 1  
  55  4:38  Zerg Ground Armor Level 1  
  55  4:44  Drone  
  56  4:45  Drone x3  
  56  4:46  Drone x3  
  56  4:50  Drone, Extractor  
  56  4:52  Overlord  
  61  4:54  Drone  
  61  4:57  Drone x2  
  61  4:58  Extractor  
  63  5:02  Queen  
  63  5:03  Drone  
  63  5:05  Drone  
  63  5:06  Drone  
  68  5:12  Drone  
  69  5:14  Lair  
  69  5:16  Baneling x3  
  69  5:20  Overlord  
  69  5:25  Drone  
  69  5:26  Drone x2  
  69  5:27  Drone x3  
  69  5:28  Drone  
  76  5:37  Baneling x3  
  76  5:38  Baneling  
  76  5:40  Drone x3  
  76  5:41  Drone  
  79  5:55  Zergling x14  
  82  6:03  Extractor  
  81  6:04  Extractor  
  81  6:05  Zergling x6  
  81  6:09  Overlord  
  81  6:11  Zergling x6  
  86  6:14  Zergling x2  
  86  6:15  Hatchery  
  86  6:16  Overlord  
  86  6:19  Zergling x4  
  86  6:20  Zergling x2  
  89  6:26  Centrifical Hooks  
  89  6:27  Spire  
  84  6:35  Drone x2  
  84  6:36  Drone x2  
  84  6:39  Drone  
  84  6:44  Baneling  
  84  6:45  Baneling x9  
  84  6:48  Drone  
  84  6:49  Drone  
  84  6:51  Drone  
  84  6:53  Drone  
  88  6:56  Drone x2  
  90  7:03  Zergling x2  
  90  7:04  Zergling x4  
  72  7:25  Zergling x12  
  72  7:26  Zergling x10  
  76  7:46  Mutalisk x4  
  76  7:47  Mutalisk  
  83  7:52  Drone x3  
  83  7:56  Mutalisk  
  85  8:02  Mutalisk  
  85  8:05  Drone x2  
  87  8:08  Drone  
  87  8:11  Drone x2  
  86  8:14  Drone  
  86  8:17  Mutalisk  
  85  8:20  Drone  
  85  8:24  Drone x2  
  86  8:27  Drone  
  86  8:33  Drone x2  
  86  8:34  Drone  
  90  8:36  Mutalisk  
  90  8:39  Drone  
  93  8:43  Drone  
  93  8:44  Drone  
  93  8:47  Overlord  
  95  8:49  Drone  
  95  8:50  Drone  
  97  8:56  Drone  
  97  9:00  Roach Warren  
  97  9:01  Drone  
  97  9:02  Drone x3  
  99  9:22  Drone x3  
  99  9:23  Drone x5  
  107  9:24  Overseer  
  107  9:25  Drone x2  
  107  9:29  Drone x3, Hydralisk Den  
  111  9:31  Overlord  
Tags
 
Add a new tag
Caveats
  • Supply blocks, unpowered buildings, or Contaminate may cause inaccurate times.
  • Supply counts are checked every 10 seconds.